BSA
SAN FRANCISCO BANDITS @ BOSTON REBELS
09/18/2028
 
TOP OF THE 1ST
San Francisco Bandits batting - Pitching for Boston Rebels : RHP Rusty van Rhee
Pitching: RHP Rusty van Rhee
Batting: RHB Javier Ramírez 0-0: Ball
1-0: Called Strike
1-1: Ball
2-1: Ball
3-1: Foul Ball, location: 2F
3-2: Foul Ball, location: 2F
3-2: Fly out, F7 (Line Drive, 7)
Batting: RHB Scott Merritt 0-0: Called Strike
0-1: Ball
1-1: Ball
2-1: SINGLE (Line Drive, 56D)
Batting: RHB Owen Carter 0-0: Ball
1-0: Called Strike
1-1: Ball
2-1: Swinging Strike
2-2: Ball
3-2: Strikes out swinging
Batting: RHB Juan Mendoza 0-0: Foul Ball, location: 2F
0-1: Ball
1-1: Ball
2-1: Foul Ball, location: 2F
2-2: Ball
3-2: Strikes out swinging
Top of the 1st over - 0 run(s), 1 hit(s), 0 error(s), 1 left on base; San Francisco 0 - Boston 0
BOTTOM OF THE 1ST
Boston Rebels batting - Pitching for San Francisco Bandits : RHP Kunihiko Daikawa
Pitching: RHP Kunihiko Daikawa
Batting: RHB Ángel Garza 0-0: Called Strike
0-1: Called Strike
0-2: Ball
1-2: Fly out, F9 (Flyball, 9S)
Batting: LHB Felipe Guerrero 0-0: Foul Ball, location: 2F
0-1: SINGLE (Groundball, 4D)
Batting: LHB Bill Wilson 0-0: Ball
1-0: Foul Ball, location: 2F
1-1: Foul Ball, location: 2F
1-2: SINGLE (Groundball, 6S) (infield hit)
Felipe Guerrero to second
Batting: LHB Miguel Rivería 0-0: Ball
Felipe Guerrero is caught stealing 3rd base
Bill Wilson to second
1-0: Foul Ball, location: 2F
1-1: Fly out, F9 (Flyball, 89S)
Bottom of the 1st over - 0 run(s), 2 hit(s), 0 error(s), 1 left on base; San Francisco 0 - Boston 0
TOP OF THE 2ND
San Francisco Bandits batting - Pitching for Boston Rebels : RHP Rusty van Rhee
Batting: RHB Naomichi Aoki 0-0: Foul Ball, location: 2F
0-1: Ball
1-1: Swinging Strike
1-2: Ball
2-2: Ball
3-2: Foul Ball, location: 2F
3-2: Strikes out swinging
Batting: RHB Dale Taylor 0-0: Foul Ball, location: 2F
0-1: Swinging Strike
0-2: Strikes out swinging
Batting: RHB Jaime Spiridon 0-0: Ball
1-0: Foul Ball, location: 2F
1-1: Ball
2-1: Ground out 5-3 (Groundball, 5L)
Top of the 2nd over - 0 run(s), 0 hit(s), 0 error(s), 0 left on base; San Francisco 0 - Boston 0
BOTTOM OF THE 2ND
Boston Rebels batting - Pitching for San Francisco Bandits : RHP Kunihiko Daikawa
Batting: LHB Frank Jackson 0-0: Ball
1-0: Called Strike
1-1: SINGLE (Groundball, 4D)
Batting: RHB Ken McDonald 0-0: Ball
1-0: Ball
2-0: Fly out, F8 (Flyball, 8LS)
Batting: LHB Sixto Cortés 0-0: Ball
1-0: Called Strike
Frank Jackson is caught stealing 2nd base
1-1: Ground out 4-3 (Groundball, 4)
Bottom of the 2nd over - 0 run(s), 1 hit(s), 0 error(s), 0 left on base; San Francisco 0 - Boston 0
TOP OF THE 3RD
San Francisco Bandits batting - Pitching for Boston Rebels : RHP Rusty van Rhee
Batting: LHB Chris Austin 0-0: Called Strike
0-1: Fly out, F9 (Flyball, 9D)
Batting: RHB Glenn Melican 0-0: Called Strike
0-1: SINGLE (Flyball, 89S)
Batting: RHB Javier Ramírez 0-0: Called Strike
0-1: Ball
1-1: Ball
2-1: Foul Ball, location: 2F
2-2: Ball
Glenn Melican steals 2nd base
3-2: Base on Balls
Batting: RHB Scott Merritt 0-0: Ball
1-0: Called Strike
1-1: DOUBLE (Line Drive, 7LM)
Glenn Melican scores
Javier Ramírez to third
Batting: RHB Owen Carter 0-0: Called Strike
0-1: Fly out, F4 (Popup, 4MD)
Batting: RHB Juan Mendoza 0-0: Ball
1-0: Swinging Strike
1-1: Ball
2-1: 3-RUN HOME RUN (Flyball, 78XD), Distance : 439 ft
Batting: RHB Naomichi Aoki 0-0: Ball
1-0: Foul Ball, location: 2F
1-1: Fly out, F8 (Flyball, 8LD)
Top of the 3rd over - 4 run(s), 3 hit(s), 0 error(s), 0 left on base; San Francisco 4 - Boston 0
BOTTOM OF THE 3RD
Boston Rebels batting - Pitching for San Francisco Bandits : RHP Kunihiko Daikawa
Batting: RHB Roberto Chávez 0-0: Ball
1-0: SINGLE (Groundball, 6MD)
Batting: RHB Aaron Washington 0-0: Ball
Roberto Chávez is caught stealing 2nd base
1-0: Ground out 5-3 (Groundball, 56)
Batting: RHB Ángel Garza 0-0: Ground out 5-3 (Groundball, 5L)
Bottom of the 3rd over - 0 run(s), 1 hit(s), 0 error(s), 0 left on base; San Francisco 4 - Boston 0
TOP OF THE 4TH
San Francisco Bandits batting - Pitching for Boston Rebels : RHP Rusty van Rhee
Batting: RHB Dale Taylor 0-0: Called Strike
0-1: Ball
1-1: Foul Ball, location: 2F
1-2: DOUBLE (Line Drive, 7LD)
Batting: RHB Jaime Spiridon 0-0: Ball
1-0: Called Strike
Balk!
Dale Taylor to third
1-1: Swinging Strike
1-2: Ground out 5-3 (Groundball, 56)
Dale Taylor scores
Batting: LHB Chris Austin 0-0: Fly out, F7 (Flyball, 7LS)
Batting: RHB Glenn Melican 0-0: Called Strike
0-1: Ball
1-1: Ground out 6-3 (Groundball, 56)
Top of the 4th over - 1 run(s), 1 hit(s), 0 error(s), 0 left on base; San Francisco 5 - Boston 0
BOTTOM OF THE 4TH
Boston Rebels batting - Pitching for San Francisco Bandits : RHP Kunihiko Daikawa
Batting: LHB Felipe Guerrero 0-0: Ball
1-0: Called Strike
1-1: Ball
2-1: Ball
3-1: Called Strike
3-2: Base on Balls
Batting: LHB Bill Wilson 0-0: Ball
1-0: Ball
2-0: Ball
3-0: Called Strike
3-1: Foul Ball, location: 2F
3-2: Base on Balls
Felipe Guerrero to second
Batting: LHB Miguel Rivería 0-0: Ball
1-0: Swinging Strike
1-1: DOUBLE (Groundball, 3L)
Felipe Guerrero scores
Bill Wilson to third
Batting: LHB Frank Jackson 0-0: Ball
1-0: Ball
2-0: Called Strike
2-1: Ball
3-1: Called Strike
3-2: Foul Ball, location: 2F
3-2: Ground out U3 (Groundball, 3L)
Batting: RHB Ken McDonald 0-0: Swinging Strike
0-1: Called Strike
0-2: Fly out, F8 (Line Drive, 78M)
Runner from 3rd tags up, SCORES, no throw
Batting: LHB Sixto Cortés 0-0: Ball
1-0: Called Strike
1-1: Ball
2-1: Ball
3-1: Foul Ball, location: 2F
3-2: Base on Balls
Batting: RHB Roberto Chávez 0-0: SINGLE (Line Drive, 9LS)
Miguel Rivería to third
Sixto Cortés to second
Batting: RHB Aaron Washington 0-0: Ball
1-0: SINGLE (Groundball, 4) (infield hit)
Miguel Rivería scores
Sixto Cortés to third
Roberto Chávez to second
Batting: RHB Ángel Garza 0-0: Ground out 5-3 (Groundball, 56S)
Bottom of the 4th over - 3 run(s), 3 hit(s), 0 error(s), 3 left on base; San Francisco 5 - Boston 3
TOP OF THE 5TH
San Francisco Bandits batting - Pitching for Boston Rebels : RHP Rusty van Rhee
Pitching: RHP Fernando Silva
Batting: RHB Javier Ramírez 0-0: Ball
1-0: Called Strike
1-1: Foul Ball, location: 2F
1-2: Strikes out swinging
Batting: RHB Scott Merritt 0-0: Ground out U3 (Groundball, 23)
Batting: RHB Owen Carter 0-0: Called Strike
0-1: Ball
1-1: Ball
2-1: Foul Ball, location: 2F
2-2: Foul Ball, location: 2F
2-2: DOUBLE (Flyball, 8RXD) - OUT at third base trying to stretch hit.
Top of the 5th over - 0 run(s), 1 hit(s), 0 error(s), 0 left on base; San Francisco 5 - Boston 3
BOTTOM OF THE 5TH
Boston Rebels batting - Pitching for San Francisco Bandits : RHP Kunihiko Daikawa
Batting: LHB Felipe Guerrero 0-0: Ball
1-0: Foul Ball, location: 2F
1-1: SINGLE (Groundball, 6MD)
Batting: LHB Bill Wilson 0-0: Called Strike
0-1: Foul Ball, location: 2F
0-2: Ball
1-2: Foul Ball, location: 2F
1-2: SINGLE (Groundball, 4MD)
Felipe Guerrero to second
Batting: LHB Miguel Rivería 0-0: Fly out, F9 (Flyball, 89D)
Runner from 2nd tags up, SAFE at 3rd, no throw
Batting: LHB Frank Jackson 0-0: Ball
1-0: Foul Ball, location: 2F
1-1: Ball
2-1: Ball
3-1: Base on Balls
Bill Wilson to second
Batting: RHB Ken McDonald 0-0: Fly out, F9 (Flyball, 89M)
Runner from 3rd tags up, SCORES, throw made
Batting: LHB Sixto Cortés 0-0: Fly out, F8 (Flyball, 8LM)
Bottom of the 5th over - 1 run(s), 2 hit(s), 0 error(s), 2 left on base; San Francisco 5 - Boston 4
TOP OF THE 6TH
San Francisco Bandits batting - Pitching for Boston Rebels : RHP Fernando Silva
Batting: RHB Juan Mendoza 0-0: Ball
1-0: Foul Ball, location: 2F
1-1: Ball
2-1: Ball
3-1: Fly out, F8 (Flyball, 8LM)
Batting: RHB Naomichi Aoki 0-0: Ball
1-0: SINGLE (Groundball, 6MD)
Batting: RHB Dale Taylor 0-0: Ball
1-0: Ball
2-0: Ball
3-0: Called Strike
3-1: Called Strike
3-2: Foul Ball, location: 2F
3-2: Foul Ball, location: 2F
3-2: Strikes out looking
Batting: RHB Jaime Spiridon 0-0: Ball
1-0: Called Strike
1-1: DOUBLE (Line Drive, 78M)
Naomichi Aoki to third
Runner from 3rd tries for Home, SAFE, no throw
Batting: LHB Chris Austin 0-0: Ground out 4-3 (Groundball, 4)
Top of the 6th over - 1 run(s), 2 hit(s), 0 error(s), 1 left on base; San Francisco 6 - Boston 4
BOTTOM OF THE 6TH
Boston Rebels batting - Pitching for San Francisco Bandits : RHP Kunihiko Daikawa
Batting: RHB Roberto Chávez 0-0: Ball
1-0: Ground out 1-3 (Groundball, 15)
Batting: RHB Aaron Washington 0-0: Ball
1-0: Ball
2-0: SINGLE (Line Drive, 7S)
Pitching: RHP Paul Lewis
Batting: RHB Ángel Garza 0-0: Swinging Strike
0-1: Called Strike
0-2: Ball
1-2: Fielders Choice at 2nd, 5-4 (Groundball, 5)
Batting: LHB Felipe Guerrero 0-0: Swinging Strike
0-1: Called Strike
Ángel Garza steals 2nd base
0-2: Ball
1-2: Ball
2-2: SINGLE (Line Drive, 34D)
Ángel Garza to third
Runner from 3rd tries for Home, SAFE, no throw
Batting: LHB Bill Wilson 0-0: Ball
Felipe Guerrero steals 2nd base
1-0: Foul Ball, location: 2F
1-1: Ball
2-1: Ball
3-1: SINGLE (Flyball, 89S)
Felipe Guerrero to third
Batting: LHB Miguel Rivería 0-0: Swinging Strike
0-1: Ball
1-1: Ball
2-1: SINGLE (Flyball, 89S)
Felipe Guerrero scores
Bill Wilson to second
Batting: LHB Frank Jackson 0-0: Swinging Strike
0-1: Ball
1-1: SINGLE (Groundball, 6D)
Bill Wilson to third
Miguel Rivería to second
Runner from 3rd tries for Home, SAFE, throw made home
Miguel Rivería to third
Frank Jackson to second
Pitching: RHP José Reyes
Batting: RHB Ken McDonald 0-0: Called Strike
0-1: Foul Ball, location: 2F
0-2: Strikes out swinging
Bottom of the 6th over - 3 run(s), 5 hit(s), 0 error(s), 2 left on base; San Francisco 6 - Boston 7
TOP OF THE 7TH
San Francisco Bandits batting - Pitching for Boston Rebels : RHP Fernando Silva
Batting: RHB Glenn Melican 0-0: Swinging Strike
0-1: Ball
1-1: Called Strike
1-2: Fly out, F6 (Line Drive, 56)
Batting: RHB Javier Ramírez 0-0: Ball
1-0: Foul Ball, location: 2F
1-1: Ball
2-1: Ground out 4-3 (Groundball, 34D)
Batting: RHB Scott Merritt 0-0: Fly out, F8 (Flyball, 78XD)
Top of the 7th over - 0 run(s), 0 hit(s), 0 error(s), 0 left on base; San Francisco 6 - Boston 7
BOTTOM OF THE 7TH
Boston Rebels batting - Pitching for San Francisco Bandits : RHP José Reyes
Batting: LHB Sixto Cortés 0-0: Ball
1-0: Foul Ball, location: 2F
1-1: Ball
2-1: SINGLE (Groundball, 34D)
Batting: RHB Roberto Chávez 0-0: Bunted foul
0-1: Bunted foul
0-2: Fly out, F9 (Flyball, 9LM)
Batting: RHB Aaron Washington 0-0: Called Strike
0-1: Called Strike
0-2: Ball
1-2: Ball
2-2: Strikes out swinging
Batting: RHB Ángel Garza 0-0: Ball
1-0: Ground out 5-3 (Groundball, 5S)
Bottom of the 7th over - 0 run(s), 1 hit(s), 0 error(s), 1 left on base; San Francisco 6 - Boston 7
TOP OF THE 8TH
San Francisco Bandits batting - Pitching for Boston Rebels : RHP Fernando Silva
Pitching: LHP Yoshihiro Hasegawa
Batting: RHB Owen Carter 0-0: Swinging Strike
0-1: Ball
1-1: Called Strike
1-2: Fly out, F9 (Flyball, 9LSF)
Batting: RHB Juan Mendoza 0-0: Ball
1-0: Foul Ball, location: 2F
1-1: Ball
2-1: SINGLE (Line Drive, 4MD)
Pinch Hitting: RHB Gustavo Ortíz 0-0: Called Strike
0-1: Ball
1-1: Fielders Choice at 2nd, 5-4 (Groundball, 5)
Batting: RHB Dale Taylor 0-0: Foul Ball, location: 2F
0-1: Called Strike
0-2: Strikes out swinging
Top of the 8th over - 0 run(s), 1 hit(s), 0 error(s), 1 left on base; San Francisco 6 - Boston 7
BOTTOM OF THE 8TH
Boston Rebels batting - Pitching for San Francisco Bandits : RHP José Reyes
Now at 3B: Gustavo Ortíz
Batting: LHB Felipe Guerrero 0-0: Ball
1-0: Foul Ball, location: 2F
1-1: Foul Ball, location: 2F
1-2: Foul Ball, location: 2F
1-2: Fly out, F7 (Flyball, 7LSF)
Batting: LHB Bill Wilson 0-0: Called Strike
0-1: Swinging Strike
0-2: Ball
1-2: Strikes out swinging
Batting: LHB Miguel Rivería 0-0: Ball
1-0: Swinging Strike
1-1: Foul Ball, location: 2F
1-2: Ball
2-2: DOUBLE (Flyball, 78M)
Batting: LHB Frank Jackson 0-0: Foul Ball, location: 2F
0-1: Ball
1-1: Ball
2-1: Foul Ball, location: 2F
2-2: Ball
3-2: Foul Ball, location: 2F
3-2: Base on Balls
Batting: RHB Ken McDonald 0-0: Ball
1-0: Ball
2-0: Ground out 5-3 (Groundball, 5S)
Bottom of the 8th over - 0 run(s), 1 hit(s), 0 error(s), 2 left on base; San Francisco 6 - Boston 7
TOP OF THE 9TH
San Francisco Bandits batting - Pitching for Boston Rebels : LHP Yoshihiro Hasegawa
Pitching: RHP Tony Rocha
Pinch Hitting: RHB Cory Foster 0-0: Called Strike
0-1: Called Strike
0-2: Ball
1-2: Ball
2-2: Ball
3-2: Strikes out swinging
Batting: LHB Chris Austin 0-0: Ball
1-0: Called Strike
1-1: Foul Ball, location: 2F
1-2: Strikes out looking
Pinch Hitting: LHB Anacleto Morillo 0-0: Ball
1-0: Swinging Strike
1-1: Ground out U3 (Groundball, 34S)
Top of the 9th over - 0 run(s), 0 hit(s), 0 error(s), 0 left on base; San Francisco 6 - Boston 7
Tuesday, August 8th, 2017 - OOTP Baseball 17.12 Build 75